Map: Daybreak LE (Void)

Players

Fropez

  • Race: Protoss Protoss
  • League: Gold
  • Spawn Location: 1:00

solodolo - Winner!

  • Race: Zerg Zerg
  • League: Gold
  • Spawn Location: 7:00

VOD

Have the link to the VOD?

Description

Time

  • Played on: Dec. 1, 2016, 3:38 p.m.
  • Length: 33:16
Show
View Real Time Build Order
Export as new Build Order

Fropez Protoss 

Build Orders:  

Get SALT Encoding   

  12  0:01  Probe (Chrono Boost)  
  13  0:14  Pylon  
  13  0:20  Probe (Chrono Boost)  
  14  0:32  Probe (Chrono Boost)  
  15  0:39  Gateway  
  15  0:42  Probe (Chrono Boost)  
  16  0:46  Assimilator  
  16  0:53  Probe (Chrono Boost)  
  17  1:03  Gateway  
  17  1:08  Probe (Chrono Boost)  
  18  1:17  Pylon  
  18  1:19  Probe (Chrono Boost)  
  19  1:26  Assimilator  
  19  1:29  Probe (Chrono Boost)  
  20  1:40  Probe (Chrono Boost)  
  20  1:42  Gateway  
  21  1:52  Probe (Chrono Boost)  
  22  2:07  Pylon  
  22  2:09  Probe (Chrono Boost)  
  22  2:19  Probe (Chrono Boost)  
  22  2:21  Cybernetics Core, Zealot  
  25  2:25  Zealot  
  27  2:35  Gateway  
  27  2:38  Gateway  
  27  2:45  Probe (Chrono Boost)  
  28  2:52  Pylon  
  28  2:56  Probe (Chrono Boost)  
  29  3:04  Warp Gate (Chrono Boost)  
  29  3:06  Mothership Core  
  29  3:10  Adept x2  
  33  3:59  Adept x3  
  39  4:07  Pylon  
  39  4:14  Pylon  
  39  4:21  Twilight Council  
  39  4:25  Forge, Probe  
  40  4:50  Probe  
  41  5:06  Pylon  
  41  5:09  Pylon  
  41  5:12  Nexus, Zealot x3  
  47  5:14  Zealot  
  47  5:20  Probe  
  50  5:22  Pylon  
  50  5:47  Gateway  
  50  5:52  Adept x3  
  50  5:53  Adept  
  58  5:57  Probe  
  58  5:58  Blink (Chrono Boost)  
  59  6:09  Probe  
  60  6:12  Protoss Ground Weapons Level 1 (Chrono Boost)  
  60  6:28  Probe  
  61  6:36  Gateway  
  61  6:40  Photon Cannon  
  61  6:44  Gateway  
  61  6:45  Probe  
  61  6:47  Probe  
  63  7:15  Pylon  
  63  7:26  Probe  
  63  7:28  Stalker x2  
  63  7:29  Robotics Facility  
  68  7:33  Assimilator  
  68  7:34  Pylon  
  68  7:35  Assimilator  
  68  7:45  Adept x3  
  74  7:58  Probe  
  74  8:00  Photon Cannon  
  74  8:04  Photon Cannon  
  75  8:06  Probe  
  75  8:08  Photon Cannon  
  68  8:23  Stalker x2  
  68  8:24  Stalker  
  74  8:34  Stalker  
  74  8:38  Stalker  
  78  8:53  Stalker x2  
  82  8:58  Probe x2  
  84  9:10  Probe  
  85  9:18  Probe  
  85  9:20  Pylon  
  86  9:29  Probe  
  87  9:33  Probe  
  87  9:36  Photon Cannon x2  
  88  9:42  Probe  
  89  9:46  Photon Cannon  
  89  9:48  Stalker x2, Protoss Ground Weapons Level 2 (Chrono Boost)  
  89  9:50  Observer (Chrono Boost)  
  94  9:53  Probe  
  94  9:54  Probe  
  96  10:06  Templar Archives  
  96  10:15  Stalker  
  98  10:24  Observer (Chrono Boost)  
  99  10:50  Stalker x5  
  99  10:56  Pylon  
  109  10:58  Probe  
  109  11:01  Pylon  
  110  11:14  Probe  
  110  11:15  Observer (Chrono Boost)  
  92  11:37  Zealot x5  
  92  11:38  Zealot x2  
  106  11:43  Charge (Chrono Boost)  
  104  11:57  Pylon  
  104  12:11  High Templar x7  
  118  12:57  Pylon  
  117  13:10  Zealot x3  
  117  13:11  Zealot x4  
  131  13:13  Probe x2  
  133  13:48  Stalker  
  133  13:49  Stalker x3  
  127  14:42  High Templar x5  
  127  14:43  High Templar x2  
  125  14:59  Pylon  
  125  15:04  Nexus, Gateway x2  
  125  15:08  Photon Cannon  
  125  15:11  Pylon  
  125  15:13  Gateway  
  125  15:14  Gateway  
  125  15:15  Pylon, Photon Cannon  
  125  15:16  Pylon  
  125  15:17  Probe x2  
  125  15:18  Assimilator  
  127  15:24  Assimilator  
  127  15:29  Probe  
  127  15:32  Photon Cannon  
  128  15:39  Photon Cannon  
  128  15:47  High Templar x2  
  132  15:53  High Templar  
  132  15:56  High Templar  
  136  16:16  Psionic Storm  
  136  16:17  Stalker x2  
  137  16:34  Probe x2  
  139  17:10  Zealot x5  
  149  17:18  Protoss Ground Weapons Level 3  
  149  17:30  Gateway  
  149  17:32  Pylon  
  149  18:03  Nexus  
  149  18:04  Pylon  
  149  18:06  Pylon  
  149  18:20  Photon Cannon  
  149  18:22  Gateway  
  149  18:26  Pylon  
  143  18:44  Stalker x2  
  143  18:45  Stalker x2  
  151  18:49  High Templar x2  
  151  18:54  High Templar  
  151  18:55  High Templar  
  157  18:57  Archon  
  157  18:59  Archon  
  157  19:02  Stalker  
  157  19:03  Stalker  
  157  19:05  Probe  
  162  19:15  Photon Cannon  
  162  19:22  Photon Cannon  
  162  19:24  High Templar  
  164  19:27  High Templar  
  166  19:31  Assimilator  
  166  19:35  Assimilator  
  166  19:45  Protoss Shields Level 1  
  160  20:01  Archon  
  160  20:19  Observer  
  161  20:28  Gateway  
  161  20:30  Pylon  
  161  20:38  Pylon  
  161  20:40  Observer, Pylon  
  160  20:44  Photon Cannon  
  160  21:01  Stalker x3  
  160  21:02  Stalker x2  
  169  21:25  Protoss Ground Armor Level 1  
  169  21:29  Zealot x6  
  169  21:30  Zealot x4  
  169  21:31  Zealot  
  191  21:37  Archon  
  191  21:40  Archon  
  191  21:53  Zealot x2  
  191  21:54  Zealot x2  
  187  22:43  Archon x3  
  187  22:44  Archon  
  108  22:51  High Templar x2  
  108  22:52  High Templar x6  
  108  22:53  High Templar x2  
  108  22:55  Archon  
  108  22:56  Archon x4  
  95  23:24  Protoss Shields Level 2  
  95  23:46  Zealot x4  
  95  23:47  Zealot x5  
  95  23:48  Zealot x2  
  115  23:52  Observer  
  114  24:13  Observer  
  115  24:22  High Templar x4  
  123  24:31  Zealot x3  
  123  24:32  Zealot x5  
  123  24:34  Observer  
  124  25:11  Zealot x2  
  124  25:12  Zealot x7  
  124  25:13  Zealot x3  
  144  25:22  Protoss Ground Armor Level 2  
  142  25:37  High Templar x2  
  142  25:38  High Templar x2  
  143  26:49  High Templar x3  
  143  26:52  Zealot x6  
  143  26:53  Zealot x3  
  135  27:24  High Templar x2  
  138  28:43  High Templar x3  
  144  28:59  Protoss Ground Armor Level 3  
  121  29:47  Nexus  
  121  29:50  Assimilator  
  121  29:54  Assimilator  
  121  29:56  Nexus  
  121  30:00  Pylon x2  
  121  30:03  Pylon  
  121  30:04  Pylon  
  121  30:27  Warp Prism  
  103  31:03  High Templar  
  23  33:06  Archon  
Show
View Real Time Build Order
Export as new Build Order

solodolo Zerg - Winner!

Build Orders: Pool First 

Get SALT Encoding   

  12  0:08  Overlord  
  12  0:13  Drone  
  13  0:18  Drone  
  14  0:26  Drone  
  15  0:31  Drone  
  16  0:41  Drone  
  17  0:47  Spawning Pool  
  17  0:49  Extractor  
  15  0:50  Extractor  
  15  0:53  Drone  
  15  1:02  Drone  
  16  1:13  Drone  
  17  1:25  Drone  
  18  1:34  Zergling x2  
  18  1:35  Queen  
  18  1:36  Metabolic Boost  
  21  1:49  Zergling x2  
  22  1:58  Overlord  
  22  2:12  Lair  
  22  2:20  Zergling x2  
  22  2:21  Zergling x2  
  24  2:41  Zergling x2  
  24  2:42  Zergling x2  
  24  2:44  Hatchery  
  25  2:48  Zergling x4  
  25  2:50  Zergling x2  
  28  2:58  Overlord  
  28  3:09  Zergling x2  
  29  3:19  Spire  
  28  3:22  Zergling x2  
  29  3:30  Zergling x4  
  31  3:37  Zergling x2  
  31  3:55  Drone x4  
  35  3:57  Overseer  
  35  4:11  Drone  
  35  4:12  Drone  
  35  4:13  Drone  
  35  4:15  Pneumatized Carapace  
  38  4:23  Overlord  
  38  4:40  Mutalisk  
  38  4:43  Drone  
  41  4:51  Extractor  
  40  4:53  Mutalisk  
  42  5:00  Drone  
  42  5:01  Overlord, Drone x2  
  42  5:02  Drone  
  46  5:10  Mutalisk  
  48  5:18  Drone  
  48  5:19  Drone  
  47  5:41  Drone x3  
  47  5:42  Drone x3  
  53  5:53  Extractor  
  53  5:56  Queen  
  54  5:58  Mutalisk x2  
  54  6:03  Queen  
  60  6:17  Overlord  
  60  6:18  Overlord  
  60  6:36  Mutalisk  
  60  6:37  Mutalisk  
  60  6:38  Spine Crawler  
  60  6:39  Spine Crawler x2  
  61  6:41  Mutalisk  
  61  6:42  Mutalisk  
  65  6:56  Mutalisk  
  65  6:58  Zergling x10  
  72  7:09  Mutalisk  
  72  7:11  Overlord, Mutalisk  
  76  7:31  Mutalisk  
  76  7:32  Zergling x4  
  76  7:33  Overlord, Zergling x2  
  81  7:43  Mutalisk  
  83  7:49  Overseer  
  83  7:51  Overseer  
  83  7:56  Overlord x2  
  83  7:58  Zergling x8  
  87  8:08  Zergling x6  
  87  8:09  Zergling x2  
  90  8:23  Zergling x8  
  90  8:24  Zergling x2  
  95  8:30  Mutalisk  
  95  8:45  Drone x3  
  95  8:46  Drone x3  
  101  9:04  Roach Warren  
  100  9:10  Evolution Chamber  
  99  9:37  Overseer  
  99  9:45  Glial Reconstitution  
  99  9:46  Extractor, Hatchery  
  99  9:47  Roach x4  
  99  9:48  Roach  
  99  9:49  Overlord x2  
  107  9:55  Evolution Chamber  
  106  10:09  Roach x4  
  114  10:29  Overlord x2  
  114  10:30  Overlord  
  114  10:34  Zerg Missile Weapons Level 1  
  114  10:36  Zerg Ground Armor Level 1  
  114  10:53  Roach x4  
  114  10:54  Roach  
  124  11:13  Overlord x3  
  123  11:31  Overlord x4  
  122  12:16  Hydralisk Den  
  122  12:17  Infestation Pit  
  120  12:31  Zerg Ground Armor Level 2, Zerg Missile Weapons Level 2  
  120  12:49  Muscular Augments  
  120  12:50  Overlord x2  
  120  12:54  Spine Crawler  
  120  12:55  Spine Crawler  
  120  12:57  Spine Crawler  
  117  12:59  Spine Crawler  
  116  13:17  Overseer  
  116  13:27  Hydralisk x3  
  116  13:28  Infestor  
  123  13:42  Infestor x2  
  127  13:57  Hydralisk x2  
  131  14:08  Hive  
  130  14:19  Hydralisk  
  132  14:25  Overseer  
  126  14:53  Hydralisk x3  
  126  14:54  Hydralisk x2  
  136  15:19  Hydralisk x3  
  143  15:42  Drone  
  143  15:43  Drone x6  
  143  15:49  Extractor  
  148  15:55  Overlord  
  148  15:58  Overlord  
  148  16:13  Hydralisk  
  148  16:14  Hydralisk  
  148  16:37  Overlord x3  
  148  16:40  Hydralisk x2  
  152  16:55  Overseer  
  152  17:04  Hydralisk x2  
  152  17:05  Hydralisk x2  
  160  17:21  Drone x6  
  166  17:40  Hydralisk x2, Drone x3  
  173  18:09  Hydralisk x2  
  173  18:10  Hydralisk  
  173  18:11  Hatchery  
  178  18:13  Extractor  
  176  18:22  Hydralisk x3  
  183  18:48  Hydralisk x2  
  183  18:49  Hydralisk x3  
  193  18:56  Hatchery  
  193  19:01  Overseer x2  
  192  19:22  Hydralisk x3  
  192  19:23  Extractor  
  197  19:26  Overseer x2  
  196  19:52  Infestor x2  
  195  19:55  Spine Crawler  
  195  19:56  Zerg Missile Weapons Level 3, Spine Crawler  
  195  19:58  Zerg Ground Armor Level 3  
  195  19:59  Spine Crawler  
  196  20:00  Spine Crawler  
  196  20:04  Drone x4  
  199  20:29  Overseer  
  183  21:04  Hydralisk x2  
  183  21:05  Hydralisk x6  
  199  21:28  Ultralisk Cavern  
  199  21:29  Neural Parasite  
  198  21:33  Evolution Chamber  
  197  21:42  Overseer  
  121  22:45  Hydralisk x8  
  121  22:46  Hydralisk x8  
  121  22:47  Hydralisk x8  
  121  22:48  Hydralisk x4  
  141  23:20  Hydralisk x4  
  141  23:21  Hydralisk x4  
  157  23:36  Queen  
  157  23:37  Queen  
  161  24:02  Hydralisk x4  
  169  24:18  Chitinous Plating  
  169  24:38  Ultralisk  
  175  25:15  Overlord x3  
  175  25:38  Extractor  
  175  25:39  Hatchery  
  175  25:42  Extractor  
  172  25:52  Ultralisk x3  
  172  25:54  Zergling x4  
  172  25:55  Zergling x14  
  172  25:56  Zergling x2  
  200  26:14  Zerg Melee Weapons Level 1  
  190  26:55  Ultralisk  
  196  27:01  Zergling x4  
  189  29:12  Ultralisk  
  195  29:41  Zerg Melee Weapons Level 2  
  195  29:54  Overseer  
  195  31:38  Spine Crawler  
  195  31:39  Spine Crawler x2  
  192  31:51  Spine Crawler  
  192  31:53  Spine Crawler x2  
  189  31:55  Spine Crawler  
  189  31:56  Overseer, Spine Crawler  
  189  31:57  Spine Crawler  
  186  32:07  Hydralisk  
  186  32:08  Hydralisk x5  
Tags
 
League
GoldGold
Matchup
PvZ
Opening
Pool First
Replay Pack
All Mines
Spawn Locations
Cross Positions
Add a new tag
Caveats
  • Supply blocks, unpowered buildings, or Contaminate may cause inaccurate times.
  • Supply counts are checked every 10 seconds.